 Dungeon Crawl Stone Soup version 0.31.0-11-ge490571c62 (webtiles) character file.

Game seed: 12051882574117522914

375395 Armakuni the Crack Shot (level 21, -10/136 HPs)
             Began as a Deep Elf Monk on Jan 30, 2024.
             Was an Elder of Elyvilon (penitent).
             Shot with a bolt by a yaktaur captain (30 damage)
             ... on level 5 of the Vaults.
             The game lasted 03:09:27 (47468 turns).

Armakuni the Crack Shot (Deep Elf Monk)            Turns: 47468, Time: 03:09:27

Health: -10/136    AC: 13    Str: 13    XL:     21   Next: 78%
Magic:  44/46      EV: 39    Int: 16    God:    Elyvilon [****..]
Gold:   4018       SH:  5    Dex: 39    Spells: 12/40 levels left

rFire   + + .        a - +7 longbow (heavy)
rCold   + + +        (shield currently unavailable)
rNeg    + . .        q - +0 ring mail of Qitwa {Str+3 Dex+10 Stlth-}
rPois   +            l - +2 helmet {SInv}
rElec   +            p - +2 cloak {Will+}
rCorr   +            C - +0 pair of gloves of Toppydom {^Drain rElec rF++ rCorr}
SInv    +            (no boots)
Will    +++..        H - amulet of reflection
Stlth   +            J - ring "Peennad" {rPois rC+++ rN+ MP+9 Int-3}
HPRegen 0.42/turn    D - +6 ring of dexterity
MPRegen 0.30/turn

%: reflection
@: hasted, very quick
A: no striking features
}: 2/15 runes: decaying, serpentine
a: Renounce Religion


You were on level 5 of the Vaults.
You worshipped Elyvilon.
Elyvilon was demanding penance.
You visited 8 branches of the dungeon, and saw 39 of its levels.
You also visited: Gauntlet and Ice Cave.

You collected 8055 gold pieces.
You spent 4037 gold pieces at shops.

Inventory:

Hand Weapons
 a - a +7 heavy longbow (weapon)
 b - a +8 longbow
Missiles
 u - 2 throwing nets
 K - a curare-tipped dart
Armour
 l - a +2 helmet of see invisible (worn)
 p - a +2 cloak of willpower (worn)
 q - the +0 ring mail of Qitwa (worn) {Str+3 Dex+10 Stlth-}
   (You found it on level 1 of the Lair of Beasts)

   Str+3:     It affects your strength (+3).
   Dex+10:    It affects your dexterity (+10).
   Stlth-:    It makes you less stealthy.
 C - the +0 pair of gloves of Toppydom (worn) {^Drain rElec rF++ rCorr}
   (You found it in a Gauntlet)

   rF++:      It greatly protects you from fire.
   rElec:     It insulates you from electricity.
   rCorr:     It protects you from acid and corrosion.
   ^Drain:    It drains your maximum health when unequipped.
 E - the +0 cloak of Tusehoc {rC+ rN+ rCorr Dex+4}
   (You bought it in a shop on level 4 of the Vaults)

   Dex+4:     It affects your dexterity (+4).
   rC+:       It protects you from cold.
   rN+:       It protects you from negative energy.
   rCorr:     It protects you from acid and corrosion.
Jewellery
 D - a +6 ring of dexterity (right hand)
 H - an amulet of reflection (around neck)
 J - the ring "Peennad" (left hand) {rPois rC+++ rN+ MP+9 Int-3}
   (You took it off a yaktaur on level 3 of the Vaults)

   [ring of positive energy]

   Int-3:     It affects your intelligence (-3).
   rC+++:     It renders you almost immune to cold.
   rPois:     It protects you from poison rN+: It protects you from negative
   energy.
   MP+9:      It affects your magic capacity (+9).
 W - a ring of willpower
Wands
 c - a wand of charming (37)
 k - a wand of digging (7)
 o - a wand of acid (21)
 r - a wand of roots (48)
 B - a wand of flame (41)
Scrolls
 d - a scroll of fog
 e - 5 scrolls of immolation
 i - 11 scrolls of teleportation
 j - 4 scrolls of poison
 t - 4 scrolls of amnesia
 w - 2 scrolls of butterflies
 F - 2 scrolls of enchant armour
 G - 3 scrolls of silence
 N - 5 scrolls of fear
 R - 19 scrolls of identify
 S - 4 scrolls of vulnerability
 X - 4 scrolls of revelation
Potions
 f - 6 potions of enlightenment
 g - 12 potions of curing
 h - 3 potions of magic
 n - 2 potions of resistance
 s - 4 potions of lignification
 v - 5 potions of ambrosia
 x - 4 potions of mutation
 z - 2 potions of cancellation
 A - a potion of invisibility
 I - 14 potions of heal wounds
 M - 3 potions of haste
 O - 2 potions of brilliance
 U - 4 potions of might
Miscellaneous
 m - a phantom mirror (inert)


   Skills:
 - Level 16.1 Fighting
 - Level 5.0 Short Blades
 + Level 22.2 Ranged Weapons
 - Level 5.0 Armour
 - Level 21.9 Dodging
 - Level 10.0 Spellcasting
 - Level 14.0 Conjurations
 - Level 10.0 Hexes
 - Level 10.0 Translocations
 - Level 19.3 Invocations
 - Level 16.0 Shapeshifting


You had 12 spell levels left.
You knew the following spells:

 Your Spells              Type           Power      Damage    Failure   Level
a - Apportation           Tloc           80%        N/A       1%          1
b - Blink                 Tloc           80%        N/A       1%          2
d - Dimensional Bullseye  Hex/Tloc       20%        N/A       3%          4
g - Gell's Gravitas       Tloc           40%        N/A       1%          3
h - Swiftness             Air            8%         N/A       47%         3
l - Lesser Beckoning      Tloc           80%        N/A       1%          2
m - Iskenderun's Mystic   Conj/Tloc      46%        2d10      1%          4
o - Teleport Other        Tloc           40%        N/A       1%          3
s - Sigil of Binding      Hex            40%        N/A       1%          3
t - Tukima's Dance        Hex            40%        N/A       1%          3

Your spell library contained the following spells:

 Spells                   Type           Power      Damage    Failure   Level
 Magic Dart               Conj           100%       1d8       1%          1
 Shock                    Conj/Air       100%       1d9       1%          1
 Sting                    Conj/Alch      100%       1d9       1%          1
 Jinxbite                 Hex            80%        N/A       1%          2
 Momentum Strike          Conj/Tloc      92%        3d10      1%          2
 Searing Ray              Conj           100%       2d8       1%          2
 Dazzling Flash           Conj/Hex       92%        N/A       1%          3
 Ensorcelled Hibernation  Hex/Ice        48%        N/A       3%          2
 Stone Arrow              Conj/Erth      60%        3d10      3%          3
 Manifold Assault         Tloc           40%        N/A       3%          4
 Passage of Golubria      Tloc           40%        N/A       3%          4
 Volatile Blastmotes      Fire/Tloc      48%        2d14      7%          3
 Brom's Barrelling Bould  Conj/Erth      30%        2d5       10%         4
 Fulminant Prism          Conj/Alch      15%        3d10      10%         4
 Necrotise                Necr           32%        1d5       19%         1
 Sandblast                Erth           16%        2d6       19%         1
 Summon Small Mammal      Summ           32%        N/A       19%         1
 Vhi's Electric Charge    Tloc/Air       48%        N/A       22%         4
 Call Imp                 Summ           16%        N/A       26%         2
 Cigotuvi's Dreadful Rot  Necr/Alch/Air  16%        N/A       26%         2
 Sublimation of Blood     Necr           8%         N/A       26%         2
 Arcjolt                  Conj/Air       15%        1d25      28%         5
 Irradiate                Conj/Alch      15%        3d16      28%         5
 Dispersal                Tloc           20%        N/A       41%         6
 Orb of Destruction       Conj           26%        9d9       43%         7
 Call Canine Familiar     Summ           8%         N/A       47%         3
 Passwall                 Erth           8%         N/A       47%         3
 Summon Ice Beast         Ice/Summ       8%         N/A       47%         3
 Silence                  Hex/Air        12%        N/A       54%         5
 Summon Forest            Summ/Tloc      12%        N/A       54%         5
 Summon Mana Viper        Hex/Summ       24%        N/A       54%         5
 Freezing Cloud           Conj/Ice/Air   11%        6-21      58%         5
 Conjure Ball Lightning   Conj/Air       15%        3x3d6     83%         6
 Starburst                Conj/Fire      15%        6d6       83%         6
 Airstrike                Air            4%         2d(1-17)  87%         4
 Animate Armour           Summ/Erth      16%        N/A       87%         4
 Ignite Poison            Fire/Alch      8%         N/A       87%         4
 Olgreb's Toxic Radiance  Alch           8%         N/A       87%         4
 Petrify                  Alch/Erth      8%         N/A       87%         4
 Sticky Flame             Fire/Alch      8%         2d4       87%         4
 Summon Blazeheart Golem  Fire/Summ      8%         N/A       87%         4
 Alistair's Intoxication  Alch           5%         N/A       99%         5
 Eringya's Noxious Bog    Alch           4%         4d6       100%        6
 Plasma Beam              Fire/Air       4%         2x1d14    100%        6
 Sculpt Simulacrum        Ice/Alch       4%         N/A       100%        6
 Haunt                    Necr/Summ      4%         N/A       100%        7
 Monstrous Menagerie      Summ           4%         N/A       100%        7
 Ozocubu's Refrigeration  Ice            4%         4d8       100%        7
 Spellforged Servitor     Conj/Summ      15%        N/A       100%        7
 Summon Hydra             Summ           4%         N/A       100%        7
 Borgnjor's Revivificati  Necr           4%         N/A       100%        8
 Discord                  Hex            20%        N/A       100%        8
 Disjunction              Tloc           20%        N/A       100%        8
 Lehudib's Crystal Spear  Conj/Erth      15%        10d5      100%        8
 Maxwell's Capacitive Co  Air            4%         ∞         100%        8
 Chain Lightning          Conj/Air       15%        3d20      100%        9
 Death's Door             Necr           4%         N/A       100%        9
 Fire Storm               Conj/Fire      15%        8d4       100%        9
 Polar Vortex             Ice            4%         N/A       100%        9
 Shatter                  Erth           4%         3d7*      100%        9


Dungeon Overview and Level Annotations

Branches:
Dungeon (15/15)            Temple (1/1) D:4            Lair (5/5) D:10
  Swamp (4/4) Lair:3        Snake (4/4) Lair:3        Slime (0/5) Lair:4
    Orc (2/2) D:12            Elf (3/3) Orc:2        Vaults (5/5) D:14
  Crypt (0/3) Vaults:3     Depths (0/4) D:15          IceCv (visited)
Gauntlet (visited)

Altars:
Ashenzari
Cheibriados
Dithmenos
Elyvilon
Fedhas
Gozag
Hepliaklqana
Kikubaaqudgha
Makhleb
Nemelex Xobeh
Okawaru
Qazlal
Ru
Sif Muna
Trog
Uskayaw
Vehumet
Wu Jian
Xom
Yredelemnul
Zin
The Shining One
Jiyva

Shops:
D:6 [   D:10 [((*?   D:11 (   D:12 *   D:13 [(*([=   Orc:2 =(*[   Elf:1 (
Elf:3 !![*   Vaults:1 *   Vaults:4 [

Portals:
Abyss: Snake:2

Annotations:
Lair:3 3 runed translucent doors, kaychamo's ghost, journeyman OnBr
Lair:5 3 runed translucent doors, Skimidon's ghost, journeyman KoCA
Snake:2 2 transporters, Nattefrost's ghost, adept DsBe
Snake:3 2 transporters, t4s4d4r's ghost, adept OnFi
Elf:2 5 runed translucent doors


Message History

Press: ? - help, Dir - move target, p - quicksilver dragon
As you read the scroll of blinking, it crumbles to dust.
Fire: a) +7 longbow (heavy)
Press: ? - help, Q - select action, (/) - cycle Shift-Dir - straight line, f - quicksilver dragon
Aim: a quicksilver dragon (heavily wounded, 73% to hit)
You shoot an arrow.
The arrow hits the quicksilver dragon!!!
You kill the quicksilver dragon!
Fire: a) +7 longbow (heavy)
Press: ? - help, Q - select action, (/) - cycle Shift-Dir - straight line, f - deep elf demonologist
Aim: a deep elf demonologist, wielding a +0 rapier and wearing a +0 ring mail (78% to hit)
You shoot an arrow.
The arrow hits the deep elf demonologist.
The deep elf demonologist is lightly wounded.
Fire: a) +7 longbow (heavy)
Press: ? - help, Q - select action, (/) - cycle Shift-Dir - straight line, f/p - deep elf demonologist
Aim: a deep elf demonologist, wielding a +0 rapier and wearing a +0 ring mail (lightly wounded, 78% to hit)
You shoot an arrow.
The arrow hits the deep elf demonologist!!!
You kill the deep elf demonologist!
The yaktaur captain wields a +0 arbalest.
The yaktaur captain shoots a bolt.
The bolt misses you.
Fire: a) +7 longbow (heavy)
Press: ? - help, Q - select action, (/) - cycle Shift-Dir - straight line, f - yaktaur captain
Aim: a yaktaur captain, wielding a +0 arbalest (89% to hit)
You shoot an arrow. The arrow hits the yaktaur captain!!
The yaktaur captain is moderately wounded.
The yaktaur captain shoots a bolt.
The bolt hits you!!
* * * LOW HITPOINT WARNING * * *
As you read the scroll of fog, it dissolves into smoke.
You feel yourself speed up.
A sphinx comes into view.
The sphinx shouts!
Fire: a) +7 longbow (heavy)
Press: ? - help, Q - select action, (/) - cycle Shift-Dir - straight line, f/p - yaktaur captain
Aim: a yaktaur captain, wielding a +0 arbalest (purple smoke, moderately wounded, 89% to hit)
You shoot an arrow. The arrow hits the yaktaur captain!!
The yaktaur captain is heavily wounded.
The yaktaur captain shoots a bolt.
The bolt hits you!!
You die...

######........#########
.......[...............
.........<<............
......<..<.......^...
.......<<............
#######........#########
........H..........
........#....#.....
######.@#....#.....#
#..#....#.....#
#..#....#....##
#..#....# ### #..#....#
#§.#....#
########cc#....#
#......§§§#.[..#
#......§§§#[.[.#


You could see a sphinx, a yaktaur captain and a yaktaur.

Vanquished Creatures
  2 dread liches
  Boris (Elf:3)
  Bai Suzhen (Snake:4)
  Saint Roka (Snake:3)
  The ghost of Bananafolds the Warrior, an adept NaAl of Cheibriados (D:15)
  Nikola (Snake:2)
  2 liches
  A tentacled monstrosity (Vaults:5)
  Mlioglotl (Lair:3)
  Asterion (Snake:1)
  A deep elf blademaster (Elf:3)
  2 titans (Vaults:5)
  A quicksilver dragon (Vaults:5)
  A tengu reaver (Vaults:5)
  2 thorn hunters (Swamp:4)
  Kirke (Lair:3)
  Roxanne (D:14)
  Donald (Snake:3)
  4 nagarajas (Snake:4)
  A frost giant (D:11)
  A deep elf elementalist (Elf:2)
  5 deep elf sorcerers (Elf:3)
  A ghoul (Swamp:4)
  14 vault wardens
  Louise (D:14)
  4 orc warlords
  15 ironbound preservers
  2 formless jellyfish
  5 ironbound thunderhulks
  2 stone giants (Vaults:5)
  2 very ugly things (Vaults:3)
  Nessos (Lair:4)
  2 eleionomae (Swamp:2)
  4 deep elf death magi
  6 deep elf annihilators
  2 war gargoyles (Vaults:5)
  Azrael (D:12)
  6 dire elephants
  8 deep elf demonologists
  A minotaur (Gauntlet)
  2 bunyips (Swamp:2)
  2 eidola (Vaults:4)
  An entropy weaver (shapeshifter) (D:15)
  Snorg (Orc:1)
  A crystal guardian (Vaults:3)
  2 fire dragons
  5 deep elf high priests (Elf:3)
  4 great orbs of eyes
  An entropy weaver (Vaults:2)
  Harold (Orc:1)
  10 yaktaur captains
  19 hydras
  6 ghost crabs
  A rakshasa (D:14)
  10 alligators
  2 peacekeepers
  5 salamander tyrants
  33 vault guards
  22 centaur warriors
  11 ironbound frosthearts
  2 boulder beetles
  5 anacondas
  13 dancing weapons
  10 two-headed ogres
  2 death knights (D:11)
  3 death yaks (Lair:4)
  A tengu warrior (D:11)
  A sphinx skeleton (D:15)
  A vampire mage (D:15)
  2 deep troll earth magi
  13 naga warriors
  4 shock serpents
  6 orc high priests
  11 naga sharpshooters
  Urug (Orc:1)
  Nergalle (Orc:1)
  13 deep elf knights
  7 skeletal warriors
  3 storm dragon zombies
  8 salamander mystics
  A skyshark (Lair:5)
  6 mana vipers
  6 goliath frogs
  24 deep trolls
  3 spriggan druids
  A flayed ghost (Vaults:4)
  8 arcanists
  3 bog bodies
  4 naga ritualists
  A shadow dragon zombie (Vaults:5)
  4 swamp dragons (Swamp:4)
  5 lindwurms
  9 deep elf archers
  16 ironbound convokers
  10 orc knights
  A phantasmal warrior (Vaults:1)
  7 necromancers
  3 large abominations (Elf:1)
  25 deep elf zephyrmancers
  3 harpies
  21 deep elf pyromancers
  A harpy (shapeshifter) (D:15)
  20 ugly things
  3 oklob plants
  3 orc sorcerers
  7 cyclopes
  15 salamanders
  A tengu skeleton (Vaults:3)
  4 manticores
  6 will-o-the-wisps
  41 black mambas
  A water nymph (shapeshifter) (Elf:3)
  2 ice statues
  15 vault sentinels
  9 elephants (Lair:5)
  2 molten gargoyles (Lair:5)
  21 naga magi
  A gargoyle (D:13)
  13 cane toads
  9 rime drakes
  15 komodo dragons
  An unseen horror (D:13)
  27 yaktaurs
  2 efreet (D:11)
  A freezing wraith (Vaults:4)
  A merfolk (shapeshifter) (Vaults:4)
  2 bloated husks
  3 polar bears
  8 trolls
  13 tyrant leeches
  6 hornets
  Grinder (D:6)
  A blink frog (shapeshifter) (D:15)
  Prince Ribbit (D:8)
  A raiju (Swamp:4)
  6 dream sheep (Lair:4)
  18 blink frogs
  A centaur simulacrum (D:14)
  9 shadows
  2 dire elephant simulacra (IceCv)
  A spriggan skeleton (D:15)
  An air elemental (Elf:2)
  4 water elementals
  7 wraiths
  A wyvern (Lair:3)
  37 slime creatures
  7 spriggans
  3 yaks (shapeshifter)
  7 basilisks
  6 wargs
  34 yaks
  3 hogs (Lair:3)
  4 fire elementals
  A steam dragon (Lair:5)
  11 vampire mosquitoes
  16 swamp worms
  Menkaure (D:4)
  3 death yak simulacra
  An acid dragon (D:11)
  67 nagas
  2 hydra simulacra (IceCv)
  7 hell hounds
  A glowing shapeshifter skeleton (Vaults:4)
  21 water moccasins
  5 black bears
  6 swamp drakes
  An ice beast (D:8)
  5 laughing skulls
  61 orc warriors
  6 boggarts
  8 ogres
  12 wolves
  12 centaurs
  2 phantoms
  A brain worm (D:4)
  2 human zombies
  3 kobold brigands
  17 bullfrogs
  3 necrophages (Swamp:4)
  A human skeleton (Vaults:3)
  7 two-headed ogre simulacra (IceCv)
  7 elf zombies (Elf:1)
  A scorpion (D:6)
  2 cane toad simulacra (IceCv)
  10 wights
  8 killer bees
  An elephant simulacrum (IceCv)
  4 electric eels
  4 howler monkeys
  4 lava snakes (Lair:5)
  37 orc priests
  A bombardier beetle (D:6)
  2 jellies
  Jessica (D:3)
  2 sleepcaps (D:4)
  Natasha (D:5)
  34 orc wizards
  3 polar bear simulacra (IceCv)
  3 hell rats (Lair:2)
  3 spriggan simulacra (IceCv)
  5 troll simulacra (IceCv)
  A wolf simulacrum (Lair:2)
  7 adders
  4 gnolls (D:8)
  6 naga simulacra (IceCv)
  5 river rats (Lair:2)
  12 white imps
  10 ufetubi
  A dart slug (D:1)
  A dart slug (shapeshifter) (D:13)
  3 ribbon worms
  90 orcs
  7 endoplasms
  2 giant cockroaches
  6 goblins
  5 hobgoblins
  22 kobolds
  6 quokkas
  2 ball pythons
  6 bats
  5 frilled lizards
  11 rats
1553 creatures vanquished.

Vanquished Creatures (collateral kills)
  A dire elephant simulacrum (IceCv)
1 creature vanquished.

Vanquished Creatures (others)
  A deep elf sorcerer (Elf:3)
  A hydra (D:11)
  A naga warrior (Snake:2)
  A deep troll earth mage (D:11)
  A spriggan (Swamp:2)
  2 goliath frogs (Swamp:2)
  A deep troll (Vaults:5)
  A flayed ghost (D:11)
  A spriggan druid (Swamp:1)
  A steelbarb worm (shapeshifter) (Vaults:5)
  A deep elf pyromancer (D:11)
  An orc sorcerer (Orc:2)
  2 cane toads (Lair:1)
  A tengu conjurer (D:11)
  A komodo dragon (Lair:1)
  A kobold demonologist (D:11)
  A troll (D:11)
  A tyrant leech (Swamp:1)
  A hornet (Swamp:2)
  A human (Swamp:1)
  A harpy simulacrum (IceCv)
  A water moccasin (Lair:1)
  An orc warrior (Orc:2)
  A bullfrog (D:6)
  A scorpion (D:5)
  2 killer bees (D:8)
  2 orc priests
  An iguana (D:5)
  An ufetubus (IceCv)
  A ribbon worm (D:5)
  A jackal (D:5)
  2 foxfires (Swamp:1)
37 creatures vanquished.

Grand Total: 1591 creatures vanquished

Notes
Turn   | Place    | Note
-------+----------+-------------------------------------------
     0 | D:1      | Armakuni the Deep Elf Monk began the quest for the Orb.
     0 | D:1      | Reached XP level 1. HP: 13/13 MP: 3/3
    64 | D:1      | Found a faded altar of an unknown god.
   309 | D:1      | Reached XP level 2. HP: 18/18 MP: 4/4
   638 | D:1      | Reached XP level 3. HP: 20/22 MP: 5/5
  1240 | D:2      | Found a broken altar of Ashenzari.
  1678 | D:2      | Reached XP level 4. HP: 27/27 MP: 6/6
  1857 | D:3      | Noticed Jessica
  1917 | D:3      | Reached skill level 5 in Short Blades
  2127 | D:3      | Killed Jessica
  2371 | D:3      | Found an ancient bone altar of Kikubaaqudgha.
  2753 | D:4      | Noticed an ogre
  2842 | D:4      | Found a shimmering altar of Xom.
  2842 | D:4      | Noticed a brain worm
  2865 | D:4      | Killed a brain worm
  2866 | D:4      | Reached XP level 5. HP: 19/32 MP: 1/7
  2921 | D:4      | Noticed Menkaure
  3014 | D:4      | Found a radiant altar of Vehumet.
  3029 | D:4      | Found a snail-covered altar of Cheibriados.
  3230 | D:4      | Found a staircase to the Ecumenical Temple.
  3236 | Temple   | Entered the Ecumenical Temple
  3268 | Temple   | Became a worshipper of Elyvilon the Healer
  3268 | Temple   | Reached * piety under Elyvilon
  3268 | Temple   | Reached ** piety under Elyvilon
  3304 | D:4      | Noticed Natasha
  3315 | D:4      | Killed an ogre
  3316 | D:4      | Reached XP level 6. HP: 37/37 MP: 7/10
  3407 | D:5      | Entered Level 5 of the Dungeon
  3430 | D:5      | Learned a level 2 spell: Blink
  3630 | D:5      | Killed Natasha
  4018 | D:4      | Reached skill level 5 in Invocations
  4018 | D:4      | Reached XP level 7. HP: 39/41 MP: 11/13
  4253 | D:4      | Killed Menkaure
  4999 | D:5      | Reached XP level 8. HP: 46/46 MP: 12/16
  5062 | D:5      | Noticed Natasha
  5073 | D:5      | Pacified Natasha
  5425 | D:6      | Reached *** piety under Elyvilon
  5526 | D:6      | Found Herchur's Armour Shoppe.
  5537 | D:6      | Bought a +2 cloak of willpower for 236 gold pieces
  5737 | D:6      | Learned a level 1 spell: Apportation
  5747 | D:6      | Reached skill level 2 in Ranged Weapons
  5822 | D:6      | Noticed Grinder
  5874 | D:6      | Reached skill level 3 in Ranged Weapons
  6010 | D:6      | Reached skill level 4 in Ranged Weapons
  6217 | D:6      | Killed Grinder
  6218 | D:6      | Reached skill level 5 in Ranged Weapons
  6218 | D:6      | Reached skill level 10 in Invocations
  6507 | D:7      | Reached XP level 9. HP: 48/51 MP: 18/18
  7059 | D:8      | Reached **** piety under Elyvilon
  7073 | D:8      | Reached skill level 6 in Ranged Weapons
  7130 | D:8      | Reached skill level 7 in Ranged Weapons
  7359 | D:8      | Reached skill level 8 in Ranged Weapons
  7779 | D:8      | Noticed Prince Ribbit
  7805 | D:8      | Killed Prince Ribbit
  7806 | D:8      | Reached skill level 9 in Ranged Weapons
  8031 | D:9      | Identified the +7 hand axe of Dawn {drain, Int+3}
  8083 | D:9      | Noticed a two-headed ogre
  8089 | D:9      | Killed a two-headed ogre
  8090 | D:9      | Reached skill level 10 in Ranged Weapons
  8090 | D:9      | Reached XP level 10. HP: 54/56 MP: 19/21
  8494 | D:10     | Entered Level 10 of the Dungeon
  8494 | D:10     | Found Secwiemm's Magic Scroll Boutique.
  8546 | D:10     | Bought a scroll of enchant armour for 105 gold pieces
  8546 | D:10     | Bought a scroll of enchant armour for 105 gold pieces
  8548 | D:10     | Found Fiptinwu's General Store.
  8559 | D:10     | Reached skill level 11 in Ranged Weapons
  8567 | D:10     | Found a staircase to the Lair.
  8627 | D:10     | Found Niash's Weapon Shop.
  8732 | D:10     | Found Dumujic's Weapon Shoppe.
  8862 | D:10     | Noticed a two-headed ogre
  8874 | D:10     | Killed a two-headed ogre
  8972 | D:10     | Found Heor's Antique Armour Shop.
  9005 | D:10     | Reached skill level 12 in Ranged Weapons
  9175 | D:10     | Found a shadowy altar of Dithmenos.
  9277 | D:11     | Noticed a cyclops
  9286 | D:11     | Killed a cyclops
  9413 | D:11     | Reached XP level 11. HP: 53/60 MP: 23/23
  9443 | D:11     | Reached skill level 13 in Ranged Weapons
  9678 | D:11     | Noticed a flayed ghost
  9679 | D:11     | Pacified a flayed ghost
  9800 | D:11     | Noticed a soul eater
  9845 | D:11     | Reached skill level 14 in Ranged Weapons
  9855 | D:11     | Noticed a death knight
  9855 | D:11     | Noticed a frost giant
  9855 | D:11     | Noticed a centaur warrior
  9855 | D:11     | Noticed a tengu warrior
  9860 | D:11     | Found Axoson Huosa's Weapon Boutique.
  9860 | D:11     | Noticed a +0 rapier
  9861 | D:11     | Noticed a +0 demon trident
  9897 | D:12     | Found a staircase to the Orcish Mines.
  9901 | Orc:1    | Entered Level 1 of the Orcish Mines
  9901 | Orc:1    | Noticed Nergalle
  9902 | Orc:1    | Noticed an orc knight
  9911 | Orc:1    | Killed Nergalle
  9921 | Orc:1    | Killed an orc knight
  9925 | Orc:1    | Noticed Urug
  9965 | D:12     | Noticed a deep elf pyromancer
  9967 | D:12     | Pacified a deep elf pyromancer
 10148 | Lair:1   | Entered Level 1 of the Lair of Beasts
 10161 | Lair:1   | Noticed a catoblepas
 10162 | Lair:1   | Pacified a catoblepas
 10163 | Lair:1   | Reached skill level 15 in Ranged Weapons
 10163 | Lair:1   | Reached skill level 15 in Invocations
 10285 | Lair:1   | Reached skill level 16 in Ranged Weapons
 10296 | Lair:1   | Reached XP level 12. HP: 54/64 MP: 22/25
 10448 | Lair:1   | You fall into a shaft and drop 1 floor!
 10448 | Lair:2   | Noticed a five-headed hydra
 10448 | Lair:2   | Found a frozen archway.
 10449 | Lair:2   | Pacified a five-headed hydra
 10460 | Lair:2   | Reached skill level 17 in Ranged Weapons
 10522 | IceCv    | Entered an ice cave
 11442 | IceCv    | Reached skill level 18 in Ranged Weapons
 12044 | Lair:2   | Reached skill level 19 in Ranged Weapons
 12291 | Lair:1   | Reached skill level 20 in Ranged Weapons
 12396 | Lair:1   | Reached skill level 5 in Dodging
 12410 | Lair:1   | Identified the +0 ring mail of Qitwa {Str+3 Dex+10 Stlth-}
 12892 | D:11     | Noticed an ogre mage
 12896 | D:11     | Pacified an ogre mage
 12897 | D:11     | Reached skill level 1 in Armour
 12900 | D:11     | Noticed a deep troll earth mage
 12909 | D:11     | Killed a deep troll earth mage
 12910 | D:11     | Reached XP level 13. HP: 66/70 MP: 26/26
 13139 | D:11     | Reached skill level 5 in Armour
 13467 | D:11     | Reached skill level 5 in Fighting
 13847 | D:11     | Noticed a fire dragon
 13867 | D:11     | Killed a fire dragon
 13954 | D:11     | Killed a frost giant
 14543 | D:10     | Bought a scroll of acquirement for 728 gold pieces
 14544 | D:10     | Acquired a manual of Conjurations
 14655 | Lair:2   | Reached XP level 14. HP: 86/86 MP: 27/27
 15367 | Lair:3   | Found a staircase to the Swamp.
 15391 | Lair:3   | Reached skill level 10 in Fighting
 15748 | Lair:3   | Found a runed translucent gate.
 15750 | Lair:3   | Found a runed translucent gate.
 15751 | Lair:3   | Found a runed translucent gate.
 15753 | Lair:3   | Noticed kaychamo's ghost (journeyman OnBr)
 15827 | Lair:3   | Found a staircase to the Snake Pit.
 16071 | Lair:3   | Found a blossoming altar of Fedhas.
 16466 | Lair:4   | Identified the +8 chain mail of Leymeff {rElec Will+ Int+4
                  | Dex-3}
 16768 | Lair:4   | Reached skill level 10 in Dodging
 17144 | Lair:4   | Noticed Nessos
 17154 | Lair:4   | Killed Nessos
 17527 | Lair:4   | Found a viscous altar of Jiyva.
 17527 | Lair:4   | Found a staircase to the Slime Pits.
 17647 | Lair:5   | Entered Level 5 of the Lair of Beasts
 18106 | Lair:5   | Found a runed translucent gate.
 18106 | Lair:5   | Noticed an azure jelly
 18107 | Lair:5   | Found a runed translucent gate.
 18108 | Lair:5   | Found a runed translucent gate.
 18109 | Lair:5   | Noticed an acid blob
 18112 | Lair:5   | Noticed an azure jelly
 18127 | Lair:5   | Noticed an azure jelly
 18127 | Lair:5   | Noticed Skimidon's ghost (journeyman KoCA)
 18127 | Lair:5   | Noticed an azure jelly
 18127 | Lair:5   | Noticed an azure jelly
 18128 | Lair:5   | Noticed an azure jelly
 18152 | Lair:5   | Reached XP level 15. HP: 79/92 MP: 29/29
 18338 | Lair:5   | Found a viscous altar of Jiyva.
 18674 | Lair:5   | Found a large runed translucent door.
 18674 | Lair:5   | Found a large runed translucent door.
 18706 | Lair:5   | Reached ***** piety under Elyvilon
 18896 | Lair:5   | Identified the +7 glaive "Tomayryi" {venom, Dex+4}
 18900 | Lair:5   | Identified the +6 short sword of Joatalak {protect, rF+
                  | Will- Str+3 Dex+2}
 19108 | D:10     | Bought a scroll of enchant weapon for 105 gold pieces
 19113 | D:10     | Bought a scroll of brand weapon for 133 gold pieces
 19192 | Orc:1    | Killed Urug
 19346 | Orc:1    | Noticed Snorg
 19349 | Orc:1    | Killed Snorg
 19355 | Orc:1    | Noticed Harold
 19359 | Orc:1    | Killed Harold
 20008 | Orc:2    | Entered Level 2 of the Orcish Mines
 20061 | Orc:2    | Found a shimmering altar of Xom.
 20352 | Orc:2    | Found a staircase to the Elven Halls.
 20838 | Orc:2    | Found Jamea's Antique Armour Shop.
 20840 | Orc:2    | Found Efedemi's Antique Weapon Shop.
 20842 | Orc:2    | Found Berovemn's General Store.
 20842 | Orc:2    | Found Jilemn's Jewellery Boutique.
 20858 | Orc:2    | Bought a +6 ring of dexterity for 504 gold pieces
 20870 | Orc:2    | Bought the ring "Watogi Hierph" {rElec Will+ Str-5 Int+3}
                  | for 487 gold pieces
 21511 | D:12     | Noticed Azrael
 21522 | D:12     | Killed Azrael
 21589 | D:12     | Found Joitus's Assorted Antiques.
 22388 | D:13     | Reached skill level 21 in Ranged Weapons
 22623 | D:13     | Found Waesche's Armour Shoppe.
 22630 | D:13     | Found Teucisost's Weapon Emporium.
 22631 | D:13     | Found Heuzo's Weapon Boutique.
 22631 | D:13     | Found Voabaadd's Antique Armour Shop.
 22631 | D:13     | Found Mokhlumecw's Jewellery Boutique.
 22631 | D:13     | Found Verinuecao's General Store.
 22699 | D:13     | Bought a glowing helmet for 187 gold pieces
 22760 | D:13     | Acquired a manual of Dodging
 22762 | D:13     | Acquired 653 gold pieces
 22764 | D:13     | Acquired a manual of Fighting
 23283 | D:14     | Noticed Roxanne
 23294 | D:14     | Learned a level 2 spell: Lesser Beckoning
 23298 | D:14     | Learned a level 3 spell: Gell's Gravitas
 23302 | D:14     | Learned a level 3 spell: Teleport Other
 23342 | D:14     | Found a gate leading to a gauntlet.
 23355 | Gauntlet | Entered a Gauntlet
 23355 | Gauntlet | Found a transporter.
 23355 | Gauntlet | Found a transporter.
 23402 | Gauntlet | Found a transporter.
 23402 | Gauntlet | Found a transporter.
 23410 | Gauntlet | Found a transporter.
 23413 | Gauntlet | Found a transporter.
 23434 | Gauntlet | Found a transporter.
 23436 | Gauntlet | Found the +5 Storm Queen's Shield {shock, Fly rElec}
 23456 | Gauntlet | Found a transporter.
 23474 | Gauntlet | Found a transporter.
 23482 | Gauntlet | Found a transporter.
 23500 | Gauntlet | Found a transporter.
 23558 | Gauntlet | Found a transporter.
 23598 | Gauntlet | Reached XP level 16. HP: 78/100 MP: 31/31
 23710 | Gauntlet | Identified the +0 pair of gloves of Toppydom {^Drain rElec
                  | rF++ rCorr}
 24098 | D:14     | Noticed Louise
 24103 | D:14     | Killed Louise
 24444 | D:14     | Found a gate to the Vaults.
 24575 | D:14     | Killed Roxanne
 24941 | D:15     | Entered Level 15 of the Dungeon
 24987 | D:15     | Found a runed translucent door.
 24987 | D:15     | Noticed Bananafolds's ghost (adept NaAl)
 25317 | Elf:1    | Entered Level 1 of the Elven Halls
 25441 | Elf:1    | Found Olorecs's Weapon Shoppe.
 25519 | Elf:1    | Found an ancient bone altar of Kikubaaqudgha.
 25558 | Elf:1    | Identified the +1 robe of Immorality {rF+}
 25827 | Elf:1    | Reached skill level 15 in Fighting
 26733 | Elf:2    | Reached skill level 1 in Spellcasting
 26733 | Elf:2    | Reached skill level 1 in Translocations
 26837 | Elf:2    | Acquired 657 gold pieces
 26875 | Elf:2    | Reached XP level 17. HP: 65/115 MP: 29/32
 27135 | Elf:2    | Reached skill level 5 in Spellcasting
 27172 | Elf:2    | Reached skill level 5 in Translocations
 27183 | Elf:2    | Learned a level 4 spell: Dimensional Bullseye
 27496 | Elf:2    | Found a huge runed translucent gate.
 27498 | Elf:2    | Found a huge runed translucent gate.
 27503 | Elf:2    | Found a huge runed translucent gate.
 27504 | Elf:2    | Found a huge runed translucent gate.
 27504 | Elf:2    | Found a huge runed translucent gate.
 27574 | Elf:3    | Entered Level 3 of the Elven Halls
 27579 | Elf:3    | Reached skill level 1 in Hexes
 27582 | Elf:3    | Found a radiant altar of Vehumet.
 28004 | Elf:3    | Reached skill level 5 in Hexes
 28114 | Elf:3    | Identified the +0 plate armour of Protective Custody
                  | {Rampage rPois rC+ Int-4}
 28114 | Elf:3    | Noticed a deep elf blademaster
 28118 | Elf:3    | Killed a deep elf blademaster
 28121 | Elf:3    | Noticed a deep elf master archer
 28122 | Elf:3    | Pacified a deep elf master archer
 28443 | Elf:3    | Reached skill level 10 in Hexes
 28760 | Elf:3    | Noticed Boris
 28776 | Elf:3    | Elyvilon protects you from harm!
 28779 | Elf:3    | Identified the ring of Lies {rCorr Str+7 Dex+3}
 28781 | Elf:3    | Killed Boris
 28930 | Elf:3    | Found Qofadul's Assorted Antiques.
 28933 | Elf:3    | Found Xuomie's Armour Emporium.
 28933 | Elf:3    | Found Xero's Distillery.
 28940 | Elf:3    | Bought a glowing cloak for 277 gold pieces
 28942 | Elf:3    | Found Vefecidd's Distillery.
 28945 | Elf:3    | Bought a potion of haste for 140 gold pieces
 28945 | Elf:3    | Bought a potion of haste for 140 gold pieces
 28945 | Elf:3    | Bought a potion of cancellation for 112 gold pieces
 28950 | Elf:3    | Bought 2 potions of heal wounds for 110 gold pieces
 28950 | Elf:3    | Bought a potion of heal wounds for 55 gold pieces
 29170 | Elf:3    | Identified the staff "Fevoamol" {Conj Fire}
 29172 | Elf:3    | Got the Compendium of Position
 29262 | Elf:3    | Got the Octavo of the Impure Sixfirhy
 29277 | Elf:3    | Acquired 1093 gold pieces
 29672 | Swamp:1  | Entered Level 1 of the Swamp
 29672 | Swamp:1  | Noticed Kirke
 29693 | Lair:3   | Killed Kirke
 29960 | Swamp:1  | Acquired a ring of poison resistance
 30350 | Swamp:2  | Reached skill level 10 in Translocations
 30374 | Swamp:2  | Reached skill level 1 in Shapeshifting
 30665 | Swamp:2  | Reached XP level 18. HP: 120/120 MP: 33/33
 31086 | Swamp:3  | Reached skill level 5 in Shapeshifting
 31501 | Swamp:4  | Entered Level 4 of the Swamp
 31694 | Swamp:4  | Learned a level 3 spell: Tukima's Dance
 31698 | Swamp:4  | Learned a level 3 spell: Sigil of Binding
 32575 | Swamp:4  | Got a decaying rune of Zot
 32717 | Snake:1  | Entered Level 1 of the Snake Pit
 32755 | Snake:1  | Noticed Mlioglotl
 32756 | Snake:1  | Reached skill level 10 in Shapeshifting
 32807 | Lair:3   | Noticed an ancient lich
 32856 | Lair:3   | Killed Mlioglotl
 32977 | Snake:1  | Noticed Asterion
 32980 | Snake:1  | Killed Asterion
 33329 | Snake:2  | Noticed Nikola
 33338 | Snake:2  | Killed Nikola
 33431 | Snake:2  | Found a transporter.
 33455 | Snake:2  | Noticed a profane servitor
 33456 | Snake:2  | Found a one-way gate to the infinite horrors of the Abyss.
 33457 | Snake:2  | Noticed Nattefrost's ghost (adept DsBe)
 33486 | Snake:2  | Found a transporter.
 34813 | Snake:3  | Reached XP level 19. HP: 125/125 MP: 34/34
 34848 | Snake:3  | Learned a level 4 spell: Iskenderun's Mystic Blast
 35017 | Snake:3  | Found a transporter.
 35025 | Snake:3  | Noticed t4s4d4r's ghost (adept OnFi)
 35088 | Snake:3  | Identified the amulet "Rosemoereng" {RegenMP rN+ Will+}
 35153 | Snake:3  | Found a transporter.
 35274 | Snake:4  | Entered Level 4 of the Snake Pit
 35450 | Snake:4  | Noticed Bai Suzhen
 35480 | Snake:4  | Killed Bai Suzhen
 35682 | Snake:4  | Noticed Saint Roka
 35697 | Snake:4  | Reached skill level 15 in Shapeshifting
 35698 | Snake:4  | Noticed Donald
 35958 | Snake:3  | Killed Donald
 36331 | Snake:3  | Killed Saint Roka
 37528 | Snake:4  | Got a serpentine rune of Zot
 37833 | Vaults:1 | Entered Level 1 of the Vaults
 37957 | D:15     | Killed Bananafolds's ghost
 38133 | D:15     | Reached skill level 5 in Conjurations
 38280 | D:15     | Found a staircase to the Depths.
 38490 | D:15     | Found a white marble altar of Elyvilon.
 38587 | D:15     | Found an ornate altar of the Wu Jian Council.
 39639 | Vaults:1 | Reached skill level 10 in Conjurations
 40090 | Vaults:1 | Reached XP level 20. HP: 125/131 MP: 35/35
 41495 | Vaults:1 | Found Odwav's Assorted Antiques.
 41503 | Vaults:1 | Bought a fine leather armour for 154 gold pieces
 41503 | Vaults:1 | Identified the +0 leather armour of Pubrinn {rElec Int+2
                  | Dex-3} (You bought it in a shop on level 1 of the Vaults)
 41503 | Vaults:1 | Bought a scroll of enchant armour for 165 gold pieces
 42949 | Vaults:2 | Reached skill level 15 in Dodging
 43218 | Vaults:2 | You fall into a shaft and drop 1 floor!
 44117 | Vaults:3 | Identified the ring "Peennad" {rPois rC+++ rN+ MP+9 Int-3}
 45383 | Vaults:3 | Found a staircase to the Crypt.
 45894 | Vaults:4 | Reached XP level 21. HP: 116/136 MP: 36/36
 46212 | Vaults:4 | Noticed a dread lich
 46223 | Vaults:4 | Killed a dread lich
 46342 | Vaults:4 | Identified the +1 morningstar of Laceration {freeze, ^Drain
                  | Int+4}
 46345 | Vaults:4 | Identified the +1 longbow "Xovul" {drain, rF+}
 46780 | Vaults:4 | Found Winlea Deps's Antique Armour Boutique.
 46788 | Vaults:4 | Bought a heavily runed cloak for 294 gold pieces
 46788 | Vaults:4 | Identified the +0 cloak of Tusehoc {rC+ rN+ rCorr Dex+4}
                  | (You bought it in a shop on level 4 of the Vaults)
 46815 | Vaults:4 | Learned a level 3 spell: Swiftness
 47135 | Vaults:5 | Entered Level 5 of the Vaults
 47177 | Vaults:5 | Reached skill level 10 in Spellcasting
 47208 | Vaults:5 | Noticed a dread lich
 47228 | Vaults:5 | Was placed under penance by Elyvilon
 47239 | Vaults:5 | Killed a dread lich
 47419 | Vaults:5 | Reached skill level 22 in Ranged Weapons
 47468 | Vaults:5 | Shot with a bolt by a yaktaur captain

Illustrated notes

Levels and vault maps discovered:
D:1:      dpeg_arrival_subterranean_lakeside_camping, layout_basic,
          shapermc_ecumenical_altar_ellora
D:2:      layout_basic, basic_altar, serial_forest,
          infiniplex_forest_clump_curved, infiniplex_forest_clump_curved,
          infiniplex_forest_straight_2, infiniplex_forest_side_room,
          infiniplex_forest_clump_medium, grunt_decor_clamped,
          kennysheep_nondescript
D:3:      layout_loops_corners, kiku_gazebo_garden_becter, uniq_jessica
D:4:      black_bear_nest_2, layout_basic, mainiacjoe_overflow_big_doors,
          xom_butterflies, minmay_temple_entry_wispy, uniq_menkaure,
          uniq_natasha
D:5:      layout_loops_corners, wad_rectangle_vault
D:6:      layout_cave_pods, serial_shops, shop, uniq_grinder
D:7:      layout_basic, corexii_corridor_pit, chequers_garden
D:8:      layout_rooms, uniq_prince_ribbit1
D:9:      layout_big_octagon, minmay_misc_feat_nine_boxes
D:10:     layout_gridville, overflow_temple_1_default, lair_entry_dummy,
          serial_shops, shop, nicolae_shop_gibbet_a_chance, shop, shop, shop
D:11:     layout_cave_pools, serial_shops, nicolae_shop_mannequins, special_room
          [special_room_orc], nicolae_rejected_hall
D:12:     kennysheep_room_grid, layout_basic, serial_shops,
          nicolae_shop_temple_entry_statues_fountains, dk_vineyard_2,
          uniq_azrael
D:13:     layout_loops_ring, nicolae_wooded_promenade
D:14:     layout_stronghold, erik_vaults_1, gauntlet_entry_generic,
          minivault_12, uniq_louise, uniq_roxanne
D:15:     gammafunk_depths_entry_grave, layout_stronghold,
          nicolae_elyvilon_temple_path, hellmonk_ghost_happy_afterlife,
          grunt_decor_mini_mirrors, nzn_wu_jian_council_hall
Temple:   bh_familiar_temple
Lair:1:   layout_roguey, nicolae_volcano_entry_two_sided, beast_lair_carwin_1,
          serial_bayou_shore_a
Lair:2:   layout_loops_ring, portal_ice_cave_entry_ice_simulacra,
          bh_autumn_forest_stairs, kennysheep_abandoned_house,
          grunt_megastairs_4
Lair:3:   layout_cave_shapes, swamp_mist, minmay_snake_entry_six_corridors,
          ebering_ghost_rock_garden, hangedman_tree_tricks, grunt_megastairs_1
Lair:4:   layout_regular_city, dpeg_slime_entry_enclosed,
          chequers_serial_rivers_large_a, lemuel_fruit_fields,
          grunt_megastairs_3, uniq_nessos
Lair:5:   cheibrodos_lair_end_hotspot, layout_regular_city,
          gammafunk_ghost_ooze, guppyfry_lair_drakes
Swamp:1:  layout_falls_marsh, evilmike_swamp_ruin_house_5, uniq_kirke
Swamp:2:  layout_basic_swamp, infiniplex_staircase_pool
Swamp:3:  layout_basic_swamp, evilmike_swamp_ruin_house_6, swamp_pool_1_2,
          nicolae_swamp_treefoil
Swamp:4:  swamp_alternative, layout_basic_swamp, beargit_elvish_explorers
Snake:1:  layout_rooms, dpeg_stationary_puzzle, uniq_asterion, uniq_mlioglotl
Snake:2:  layout_misc_corridors, gammafunk_ghost_abyssal_escape,
          grunt_ministairs_9, serial_library_hellmonk_secret_room,
          nicolae_snake_magic_snake_eye, serial_bayou_shore_b, uniq_nikola
Snake:3:  layout_onion, gammafunk_ghost_arena
Snake:4:  minmay_snake_end_coiled, layout_cave_town, uniq_saint_roka,
          uniq_donald, uniq_bai_suzhen
Orc:1:    layout_caves, nooodl_orcs_dogs, uniq_nergalle, uniq_urug, uniq_snorg,
          uniq_harold
Orc:2:    st_orc_congregation, layout_diamond_mine, basic_altar
Elf:1:    elf_arrival_001, layout_geoelf_diagonals, serial_shops, shop,
          basic_altar, minmay_elf_necromancy, st_stairs_9
Elf:2:    elven_hall_of_blades_hangedman_alternative
          [nicolae_vaults_blade_armed_guards], layout_loops_corners,
          special_room [special_room_orc], nicolae_elf_blasts_and_bolts
Elf:3:    minmay_elf_hall_not_hex, layout_onion_city, basic_altar,
          minmay_shoptagon, uniq_boris
Vaults:1: v_alt_pattern_4, nicolae_vaults_lopsided_apartments,
          nicolae_vaults_puzzle_piece, vaults_room_ringed_pool,
          nicolae_vaults_tetromino_L_2, nicolae_vaults_six-pack,
          nicolae_vaults_six-pack, nicolae_vaults_border_crossing, v_misc_4,
          nicolae_vaults_storage_closets_3, nicolae_vaults_tetromino_Z_2,
          layout_vaults_ring, serial_shops, shop
Vaults:2: nicolae_vaults_closet_pinwheel_1, nicolae_vaults_house_1,
          vaults_dpeg_spiral, vaults_mumra_hex, nicolae_vaults_surprise_closet,
          nicolae_vaults_trapezoid_4, nicolae_vaults_little_squares_1,
          nicolae_vaults_asterisk, dpeg_vaults_monster_box,
          ontoclasm_vaults_fault, layout_vaults_chaotic_city
Vaults:3: v_misc_30, nicolae_vaults_closet_pinwheel_1,
          nicolae_vaults_storage_room_water, vaults_standard_mumra_lines,
          v_misc_17, nicolae_vaults_trapezoid_4, nicolae_vaults_double_plus_1,
          v_pattern_4, nicolae_vaults_alarming, layout_vaults_omnigrid
Vaults:4: nicolae_vaults_you_can_take_it_with_you,
          nicolae_vaults_storage_closets_1, vaults_dpeg_cross,
          nicolae_vaults_tetromino_T_2, nicolae_vaults_cornered_office,
          nicolae_vaults_network_star, hangedman_vaults_trim,
          hangedman_vaults_variations, nicolae_vaults_mitosis,
          grunt_vaults_bifocal, nicolae_vaults_diagonal_hallway_7,
          layout_vaults_omnibox, serial_shops, shop
Vaults:5

Skill      XL: |  1  2  3  4  5  6  7  8  9 10 11 12 13 14 15 16 17 18 19 20 21 |
---------------+----------------------------------------------------------------+-----
Short Blades   | 4 5 |  5.0
Dodging        | 4 5 10 11 20 21 | 21.9
Fighting       | 3 4 9 10 11 16 | 16.1
Invocations    | 2 5 8 10 12 13 15 17 19 | 19.3
Ranged Weapons | 5 10 12 16 20 21 22 | 22.2
Armour         | 2 5 |  5.0
Spellcasting   | 4 5 10 | 10.0
Translocations | 3 10 | 10.0
Hexes          | 10 | 10.0
Shapeshifting  | 3 13 16 | 16.0
Conjurations   | 11 14 | 14.0

Action                     |  1- 3 |  4- 6 |  7- 9 | 10-12 | 13-15 | 16-18 | 19-21 || total
---------------------------+-------+-------+-------+-------+-------+-------+-------++-------
  Melee: Short sword       |   143 |   182 |    80 |       |       |       |       ||   405
         Longbow           |       |       |       |       |       |     1 |       ||     1
   Fire: Orcbow            |       |       |   292 |   666 |       |       |       ||   958
         Longbow           |       |       |       |   226 |  1198 |   978 |  1148 ||  3550
  Throw: Throwing net      |       |       |       |       |       |     4 |       ||     4
         Dart              |       |       |       |       |       |     1 |     1 ||     2
   Cast: Apportation       |       |       |       |       |       |     2 |       ||     2
         Dimensional Bulls |       |       |       |       |       |     8 |     7 ||    15
         Iskenderun's Myst |       |       |       |       |       |       |    31 ||    31
         Blink             |       |       |       |       |       |       |     2 ||     2
 Invoke: Heal Other        |       |     1 |    24 |    23 |    11 |    14 |    14 ||    87
         Purification      |       |       |     1 |     2 |     5 |     8 |     2 ||    18
         Heal Self         |       |       |       |     7 |    10 |    33 |    16 ||    66
  Evoke: Wand              |       |       |       |    14 |     2 |     4 |     3 ||    23
         Phantom mirror    |       |       |       |       |     1 |     2 |     2 ||     5
    Use: Potion            |     1 |     3 |     3 |     2 |     1 |     5 |     5 ||    20
         Scroll            |     5 |     6 |     4 |    13 |    23 |    10 |    13 ||    74
   Stab: Sleeping          |     1 |       |       |       |       |       |       ||     1
 Armour: Robe              |    45 |    74 |   180 |    56 |       |       |       ||   355
         Troll leather arm |       |       |       |   227 |       |       |       ||   227
         Ring mail         |       |       |       |     2 |   285 |   332 |   276 ||   895
         Leather armour    |       |       |       |       |       |       |    44 ||    44
         Skin              |       |       |       |       |       |       |    11 ||    11
  Dodge: Dodged            |    88 |    98 |   286 |   288 |   337 |   376 |   633 ||  2106
  Block: Other             |       |       |       |       |       |       |    28 ||    28
         Reflection        |       |       |       |       |       |       |     4 ||     4
         Form:             |       |       |       |       |       |       |     1 ||     1
         Statue            |       |       |       |       |       |       |     1 ||     1
